 Dungeon Sprint DCSS version 0.15-b1-129-g6fffc38 (webtiles) character file.

55 staplegun the Skirmisher (level 3, 0/38 HPs)
             Began as a Minotaur Berserker on Aug 28, 2014.
             Was a Believer of Trog.
             Splashed by an oklob sapling's acid (20 damage)
             ... in the Dungeon (Sprint IV: "Fedhas' Mad Dash").
             The game lasted 00:00:47 (501 turns).

staplegun the Skirmisher (Minotaur Berserker)        Turns: 501, Time: 00:00:50

HP   0/38        AC  2     Str 22      XL: 3   Next: 67%
MP   2/2         EV 12     Int  4      God: Trog [**....]
Gold 39          SH  0     Dex  9      Spells:  0 memorised,  2 levels left

rFire  . . .     SeeInvis .     a - +0 mace
rCold  . . .     Clarity  .     b - +0 animal skin
rNeg   . . .     rCorr    .     (no shield)
rPois  .         rRot     .     (helmet restricted)
rElec  .         Spirit   .     (no cloak)
SustAb .         Warding  .     (no gloves)
rMut   .         NoTele   +     (no boots)
Gourm  .                        (no amulet)
MR     .....                    (no ring)
                                k - ring of invisibility

@: not resistant to hostile enchantments, very unstealthy
A: retaliatory headbutt, horns 2
a: Burn Spellbooks, Berserk, Trog's Hand, Renounce Religion, Evoke Invisibility


You were in the Dungeon.
You worshipped Trog.
Trog was pleased with you.
You were not hungry.

You visited 1 branch You collected 39 gold pieces.

Inventory:

Hand weapons
 a - a +0 mace (weapon)
Armour
 b - a +0 animal skin (worn)
Comestibles
 c - a bread ration
Scrolls
 i - a scroll of blinking
Jewellery
 k - a ring of invisibility (left hand)
Potions
 d - a potion of curing
 e - a potion of heal wounds
 f - a potion of haste
 g - 2 potions of magic
 h - a potion of berserk rage
 j - a potion of flight {unknown}


   Skills:
 + Level 6.4 Fighting
 + Level 6.3 Maces & Flails
 + Level 5.0 Armour
 - Level 2.5 Dodging
 + Level 0.0 Evocations


You had 2 spell levels left.
You didn't know any spells.

Dungeon Overview and Level Annotations

Branches:
Dungeon (1/1)

Altars:
Cheibriados
Elyvilon
Kikubaaqudgha
Makhleb
Sif Muna
Trog
Vehumet
Zin
The Shining One
Jiyva
Lugonu

Annotations:
D exclusion: 2 oklob saplings


Innate Abilities, Weirdness & Mutations

You reflexively headbutt those who attack you in melee.
You have a pair of horns on your head.


Message History

Okay, then.
You start resting.
You feel yourself speed up.
You start resting.
You feel less exhausted.
You start resting.
HP restored.
You open the door.
Found three altars.
Marking area around the oklob sapling priest as unsafe for travelling.
An oklob sapling priest comes into view.
Found eight altars.
There is an open door here.
You open the door.
Marking area around the oklob sapling as unsafe for travelling.
An oklob sapling comes into view.
The oklob sapling spits acid at you. The splash of acid hits you!
The acid burns!
Ouch! That really hurt!
You die...

#########################
#<..P#.....#.....#.⌠......
#PP..'.....'.#[..'._._._._
#PPPP#.....#.#.@.#_._._P_.
###############'##._._._.
... .⌠..... #$P$########
#####


You could see an oklob sapling.

Vanquished Creatures
  An oklob sapling (D)
  A worker ant (D)
  A green rat (D)
  A rat (D)
4 creatures vanquished.

Notes
Turn   | Place    | Note
--------------------------------------------------------------
     0 | D        | staplegun, the Minotaur Berserker, began the quest for the Orb.
     0 | D        | Reached XP level 1. HP: 19/19 MP: 1/1
     9 | D        | Reached skill level 4 in Fighting
    13 | D        | Reached XP level 2. HP: 12/28 MP: 1/1
   189 | D        | Noticed an oklob sapling
   196 | D        | Killed an oklob sapling
   196 | D        | Reached skill level 5 in Fighting
   196 | D        | Reached skill level 5 in Maces & Flails
   196 | D        | Reached XP level 3. HP: 9/37 MP: 2/2
   198 | D        | Noticed a worker ant
   430 | D        | Killed a worker ant
   430 | D        | Acquired Trog's second power
   430 | D        | Reached skill level 6 in Fighting
   430 | D        | Reached skill level 5 in Armour
   497 | D        | Found a snail-covered altar of Cheibriados.
   497 | D        | Found a glowing silver altar of Zin.
   497 | D        | Found a white marble altar of Elyvilon.
   498 | D        | Found a glowing golden altar of the Shining One.
   498 | D        | Found a viscous altar of Jiyva.
   498 | D        | Found a radiant altar of Vehumet.
   498 | D        | Found a deep blue altar of Sif Muna.
   498 | D        | Found a burning altar of Makhleb.
   498 | D        | Found an ancient bone altar of Kikubaaqudgha.
   498 | D        | Found a bloodstained altar of Trog.
   498 | D        | Found a corrupted altar of Lugonu.
   498 | D        | Noticed an oklob sapling priest
   501 | D        | Noticed an oklob sapling
   501 | D        | Splashed by an oklob sapling's acid

Action                   || total
-------------------------++-------
Melee: Mace              ||    14
Invok: Berserk           ||     1
  Use: Potion            ||     1
